 Dungeon Crawl Stone Soup version 0.28.0-47-ge53b351184 (webtiles) character file.

Game seed: 14376358466073556848

46 bobregger the Skirmisher (level 3, 0/61 HPs)
             Began as an Ogre Berserker on Apr 29, 2022.
             Was a Believer of Trog.
             Slain by a goblin
             ... wielding a +0 dagger
             ... led by Robin
              (1 damage)
             ... on level 2 of the Dungeon.
             The game lasted 00:01:05 (1202 turns).

bobregger the Skirmisher (Ogre Berserker)           Turns: 1202, Time: 00:01:06

Health: 0/61       AC:  3    Str: 21    XL:     3   Next: 66%
Magic:  3/3        EV: 10    Int:  8    God:    Trog [**....]
Gold:   59         SH:  0    Dex: 10    Spells: 2/2 levels left

rFire   . . .      SeeInvis .   a - +0 mace
rCold   . . .      Faith    .   (no shield)
rNeg    . . .      Spirit   .   b - +0 animal skin
rPois   .          Reflect  .   (helmet restricted)
rElec   .          Harm     .   (no cloak)
rCorr   .          Rampage  .   (gloves unavailable)
Will    .....                   (boots unavailable)
Stlth   ..........              (no amulet)
HPRegen 0.20/turn               (no ring)
MPRegen 0.08/turn               (no ring)

@: berserking (expiring), very quick
A: large, unfitting armour, tough skin 1
a: Renounce Religion, Berserk, Trog's Hand


You were on level 2 of the Dungeon.
You worshipped Trog.
Trog was pleased with you.
You visited 1 branch of the dungeon, and saw 2 of its levels.

You collected 59 gold pieces.

Inventory:

Hand Weapons
 a - a +0 mace (weapon)
Armour
 b - a +0 animal skin (worn)
Scrolls
 d - 2 scrolls of identify {unknown}
Potions
 c - a potion of brilliance {unknown}
 e - a potion of mutation {unknown}


   Skills:
 * Level 4.9 Fighting
 + Level 3.0 Maces & Flails
 * Level 3.3 Dodging


You had 2 spell levels left.
You didn't know any spells.
Your spell library was empty.

Dungeon Overview and Level Annotations

Branches:
Dungeon (2/15)

Altars:
Ashenzari

Annotations:
D:2 Robin


Innate Abilities, Weirdness & Mutations

You are too large for most types of armour.
You have tough skin. (AC +1)


Message History

A goblin comes into view. It is wielding a +0 club.
Robin roars a battlecry!
The goblins go into a battle-frenzy!
The goblin barely misses you.
You sock the goblin!
You kill the goblin!
Trog accepts your kill. The goblin hits you with a +0 dagger.
You closely miss the goblin. The goblin hits you with a +0 club. x2
The goblin hits you with a +0 dagger.
You barely miss the goblin. The goblin hits you with a +0 club.
* * * LOW HITPOINT WARNING * * *
The goblin closely misses you. Robin hits you but does no damage.
The goblin hits you with a +0 dagger.
* * * LOW HITPOINT WARNING * * *
You sock the goblin!
You kill the goblin!
Trog accepts your kill. The goblin barely misses you.
Robin hits you from afar with a +0 spear.
* * * LOW HITPOINT WARNING * * *
The goblin hits you with a +0 dagger.
* * * LOW HITPOINT WARNING * * *
The goblin barely misses you.
Things that are here:
a +0 club; a +0 club; a goblin corpse You barely miss Robin.
The goblin hits you with a +0 dagger.
* * * LOW HITPOINT WARNING * * *
You barely miss Robin. The goblin closely misses you. x2
Robin hits you with a +0 spear.
* * * LOW HITPOINT WARNING * * *
The goblin hits you but does no damage.
You sock Robin!
Robin is heavily wounded.
The goblin hits you with a +0 club.
* * * LOW HITPOINT WARNING * * *
The goblin hits you with a +0 dagger.
* * * LOW HITPOINT WARNING * * *
Robin misses you. The goblin hits you with a +0 dagger.
You die...

(....## ##. #.....
###.... ...#.#### g...#
#.......# ###g.#
#.(.....# ##g@g.#
#.......######.g#g###
#...........##.##...##
#......##....†........
...###..##.....####.###
...# ##.##..#### .#
...# #......# # ...#
#.##.#......
...##........#.###


You could see Robin and 5 goblins.

Vanquished Creatures
  An adder (D:2)
  6 ball pythons
  4 endoplasms
  A giant cockroach (D:2)
  5 goblins
  6 hobgoblins (D:1)
  3 jackals (D:1)
  A quokka (D:1)
  A bat (D:1)
  2 kobolds (D:1)
  A rat (D:2)
  A spectral goblin (D:1)
32 creatures vanquished.

Notes
Turn   | Place    | Note
-------+----------+-------------------------------------------
     0 | D:1      | bobregger the Ogre Berserker began the quest for the Orb.
     0 | D:1      | Reached XP level 1. HP: 24/24 MP: 1/1
   119 | D:1      | Found a faded altar of an unknown god.
   301 | D:1      | Reached XP level 2. HP: 29/32 MP: 2/2
   778 | D:1      | Reached XP level 3. HP: 36/40 MP: 3/3
  1147 | D:2      | Found a broken altar of Ashenzari.
  1180 | D:2      | Reached ** piety under Trog
  1187 | D:2      | Noticed Robin
  1202 | D:2      | HP: 2/61 [goblin/+0 club[Robin] (4)]
  1202 | D:2      | Slain by a goblin

Illustrated notes

Levels and vault maps discovered:
D:1:      eino_arrival_cavern_d, layout_rooms,
          dreamdust_ecumenical_altar_drowned_temple, minmay_tromino_v4_c
D:2:      layout_rooms, basic_altar, uniq_robin

Skill      XL: |  1  2  3 |
---------------+----------+-----
Dodging        | 3 |  3.3
Maces & Flails | 3 |  3.0
Fighting       | |  4.9

Action                   || total
-------------------------++-------
Melee: Mace              ||    75
Invok: Berserk           ||     1
Armor: Animal skin       ||    28
Dodge: Dodged            ||    56
